Kradschützen Motorcycle Team
Selects Battlefield Espionage Battlegroup
Selects Battlefield Espionage Battlegroup
Construct Light Support Kompanie
Selects 250/3 Funkpanzerwagen
Selects Anti-Tank Incendiary Munitions
Selects Intel Disruption Beacon
Construct Mechanized Kompanie
Selects Disruption Operation
254 Reconnaissance Tractor
Selects Operation Skorpion
Construct Panzerarmee Kommand
Flak 36 Anti-tank Gun Team